 Dungeon Crawl Stone Soup version 0.24.1 (webtiles) character file.

Game seed: 9795979787106428499, levelgen mode: deterministic

191523 wmario the Severer (level 17, -8/216 HPs)
             Began as a Minotaur Berserker on Mar 26, 2020.
             Was the Champion of Trog.
             Killed from afar by thethe's ghost (11 damage)
             ... with a stone arrow
             ... while petrified by thethe's ghost
             ... on level 3 of the Shoals on Mar 28, 2020.
             The game lasted 06:21:59 (41363 turns).

wmario the Severer (Minotaur Berserker)            Turns: 41363, Time: 06:21:59

Health: -8/216     AC: 33    Str: 40    XL:     17   Next: 58%
Magic:  0/19       EV:  2    Int:  8    God:    Trog [******]
Gold:   1465       SH:  0    Dex: 15    Spells: 16/16 levels left

rFire    . . .     SeeInvis +   a - +8 hand axe (venom)
rCold    . . .     Gourm    .   f - +0 shield {reflect}
rNeg     + + +     Faith    .   R - +6 plate armour of Chill Winds {+Blink Dex+3}
rPois    ∞         Spirit   +   (helmet restricted)
rElec    +         Reflect  +   y - scarf {Spirit}
rCorr    +         Harm     .   v - +2 pair of gloves {Str+3}
MR       +....                  t - +2 pair of boots
Stlth    ..........             m - amulet "Urekh" {Reflect rPois Int+4 SH+4}
HPRegen  0.46/turn              p - ring of the Fool {rCorr Dex+2 SInv}
MPRegen  0.16/turn              V - ring of Obliocu {+Fly rElec Str+4 Dex-3 SInv}

@: berserking, petrified, slowed
A: retaliatory headbutt, horns 2, thin skeletal structure 1, yellow scales 1,
frail 1, MP-powered wands
}: 1/15 runes: gossamer
a: Berserk, Trog's Hand, Brothers in Arms, Renounce Religion, Evoke Blink, Evoke
Flight


You were on level 3 of the Shoals.
You worshipped Trog.
Trog was exalted by your worship.
You were not hungry.

You visited 6 branches of the dungeon, and saw 28 of its levels.
You visited 1 bazaar.
You also visited: Bailey.

You collected 4408 gold pieces.
You spent 2943 gold pieces at shops.

Inventory:

Hand Weapons
 a - a +8 hand axe of venom (weapon)
 b - the +4 hand axe "Xacetzych" {freeze, rF+}
   (You bought it in a shop on level 2 of the Orcish Mines)

   It has been specially enchanted to freeze those struck by it, causing extra
   injury to most foes and up to half again as much damage against particularly
   susceptible opponents.
   It can also slow down cold-blooded creatures.
   It protects you from fire.
 g - the +5 hand crossbow "Zibuap" {elec, *Slow rC++}
   (You found it on level 8 of the Dungeon)

   It charges the ammunition it shoots with electricity; occasionally upon a
   hit, such missiles may discharge and cause terrible harm.
   It greatly protects you from cold.
   It may slow you when you take damage.
 q - a +4 antimagic broad axe
 G - a +4 spear of venom
 J - a +2 war axe of flaming
Missiles
 z - 44 boomerangs (quivered)
 I - 185 bolts
Armour
 f - a +0 shield of reflection (worn)
 t - a +2 pair of boots (worn)
 v - a +2 pair of gloves of strength (worn)
 y - a scarf of spirit shield (worn)
 Q - the +3 leather armour of Love and Death {*Slow MR+++ Slay-4 Stlth+}
   (You found it on level 6 of the Lair of Beasts)

   It affects your accuracy and damage with ranged weapons and melee attacks
   (-4).
   It affects your resistance to hostile enchantments.
   It may slow you when you take damage.
   It makes you more stealthy.
 R - the +6 plate armour of Chill Winds (worn) {+Blink Dex+3}
   (You bought it in a shop on level 4 of the Dungeon)

   It affects your dexterity (+3).
   It lets you blink.
Jewellery
 k - a +2 ring of evasion
 m - the amulet "Urekh" (around neck) {Reflect rPois Int+4 SH+4}
   (You bought it in a shop on level 1 of the Shoals)

   [amulet of reflection]

   It shields you and reflects attacks.
   It affects your intelligence (+4).
   It protects you from poison.
   It affects your SH (+4).
 p - the ring of the Fool (left hand) {rCorr Dex+2 SInv}
   (You found it on level 12 of the Dungeon)

   [ring of resist corrosion]

   It affects your dexterity (+2).
   It lets you see invisible.
   It provides partial protection from all sources of acid and corrosion.
 A - a +3 ring of evasion
 U - an uncursed ring of protection from magic
 V - the ring of Obliocu (right hand) {+Fly rElec Str+4 Dex-3 SInv}
   (You found it on level 5 of the Lair of Beasts)

   [ring of see invisible]

   It affects your strength (+4).
   It affects your dexterity (-3).
   It insulates you from electricity.
   It lets you see invisible.
   It lets you fly.
Wands
 j - a wand of paralysis (18)
 N - a wand of flame (17)
 P - a wand of enslavement (33)
Scrolls
 d - 12 scrolls of teleportation
 e - 3 scrolls of blinking
 n - 3 scrolls of amnesia
 r - a scroll of brand weapon
 s - 5 scrolls of enchant armour
 u - 12 scrolls of remove curse
 x - a scroll of magic mapping
 H - 3 scrolls of enchant weapon
 K - 2 scrolls of fear
 M - 3 scrolls of noise
 O - 5 scrolls of identify
 S - 3 scrolls of immolation
 W - a scroll of silence
 Y - 3 scrolls of vulnerability
Potions
 l - a potion of degeneration
 w - 3 potions of ambrosia
 B - 7 potions of lignification
 D - a potion of resistance
 E - 2 potions of agility
 F - 2 potions of berserk rage
 L - a potion of invisibility
 T - 3 potions of flight
 X - 2 potions of haste
Miscellaneous
 i - a fan of gales
 o - a lightning rod (4/4)
Comestibles
 C - 22 rations
 Z - 2 chunks of flesh


   Skills:
 + Level 16.7 Fighting
 - Level 18.0 Axes
 + Level 16.5 Armour
 + Level 15.4 Dodging
 - Level 15.0 Shields
 - Level 5.1 Evocations


You had 16 spell levels left.
You didn't know any spells.
Your spell library contained the following spells:

 Spells                   Type           Power        Failure   Level  Hunger
 Summon Lightning Spire   Summ/Air       #.......     100%        4    #####..
 Silence                  Hex/Air        #.........   100%        5    ######.
 Conjure Ball Lightning   Conj/Air       #.........   100%        6    #######
 Deflect Missiles         Chrm/Air       #.........   100%        6    #######
 Tornado                  Air            #.........   100%        9    #######


Dungeon Overview and Level Annotations

Branches:
Dungeon (12/15)            Temple (0/1) D:4            Lair (6/6) D:11
 Shoals (3/4) Lair:2       Spider (4/4) Lair:3        Slime (0/5) Lair:6
    Orc (2/2) D:12            Elf (1/3) Orc:2        Bailey (visited)

Altars:
Dithmenos
Nemelex Xobeh
Qazlal
Sif Muna
Trog
Vehumet
Zin
The Shining One
Beogh
Jiyva

Shops:
D:4 [!}[*   D:12 =(*   Orc:2 (%=   Shoals:1 ?(==:   Shoals:3 *

Annotations:
Shoals:3 thethe's ghost, adept DDWz
Spider:1 2 transporters


Innate Abilities, Weirdness & Mutations

You reflexively headbutt those who attack you in melee.
You have a pair of horns on your head.
You have a somewhat thin skeletal structure. (Dex +2, Stealth)
You are partially covered in yellow scales. (AC +2)
You are frail. (-10% HP)
You expend magic power (3 MP) to strengthen your wands.


Message History

Thethe's ghost is engulfed in blazing flames.
Thethe's ghost hits you but does no damage.
The faun is engulfed in blazing flames.
The faun casts a spell at you. You resist with some effort.
You are engulfed in blazing flames.
* * * LOW HITPOINT WARNING * * *
Thethe's ghost gestures at you while chanting.
The iron shot hits you!!!
* * * LOW HITPOINT WARNING * * *
The faun is engulfed in blazing flames.
You feel the power of Trog in you as your rage grows.
You kill the faun!
Trog accepts your kill.
Trog appreciates your killing of a magic user.
You are engulfed in blazing flames.
Thethe's ghost is engulfed in blazing flames.
Thethe's ghost casts a spell at you. The stone arrow hits you!!
You die...

≈≈≈≈≈≈≈≈≈≈≈≈....≈≈≈≈≈≈≈≈≈≈≈≈≈≈≈≈≈
≈≈≈≈≈≈≈≈≈≈≈≈≈.)}.≈≈≈≈≈≈≈≈≈≈≈≈≈≈≈≈
≈≈≈≈≈≈≈≈≈≈≈≈§≈......≈≈≈≈≈≈≈≈≈≈≈≈≈
≈≈≈≈≈≈≈≈#######.^...%≈≈≈≈≈≈≈≈≈≈≈≈
≈≈≈≈≈.()#8.^.8#^.^...≈≈≈≈≈≈≈≈≈≈≈≈
≈≈≈≈≈..)#.#.^.#.^%^...≈≈≈≈≈≈≈≈≈≈≈
≈≈≈≈≈...#.%^.^#..☼....≈≈≈≈≈≈≈≈.≈≈
≈≈≈≈≈...#(#.#.#..○..%..≈≈≈≈≈≈≈≈≈≈
≈≈≈≈≈...#?..§°)W@○.....≈≈≈≈≈≈≈≈≈.
≈≈≈≈≈...#[#.#))○)○^....≈≈≈≈≈≈≈≈≈≈
≈≈≈≈≈≈..#(%..☼☼°§°..%..≈≈≈≈≈≈≈≈≈≈
≈≈≈≈≈≈≈.#$#.#.#○.......≈≈≈≈≈≈≈≈≈.
≈≈≈≈≈≈≈.#$.^%.#........≈≈≈≈≈≈≈≈≈≈
≈≈≈≈≈≈..#.#.^.#.^......≈≈≈≈≈≈≈≈.≈
≈≈≈≈≈≈..#8..%8#^.......≈≈≈≈≈≈≈≈≈≈
≈≈≈≈≈...#######≈..^≈..≈≈≈≈≈≈≈≈≈≈≈
≈≈≈≈≈≈..# #......≈≈≈ ≈≈≈≈≈≈≈≈


You could see thethe's ghost.

Vanquished Creatures
  Nikola (Shoals:1)
  Arachne (Spider:1)
  Agnes (Spider:3)
  Kirke (Spider:2)
  Donald (Spider:3)
  Aizul (Spider:3)
  4 ghost moths
  5 emperor scorpions
  An entropy weaver (Spider:1)
  A dire elephant (Lair:6)
  Snorg (Orc:2)
  5 spark wasps
  The ghost of Luam the Spear-Bearer, a journeyman OpFi of Cheibriados (Lair:5)
  2 merfolk javelineers (Shoals:3)
  A fire dragon (D:10)
  3 merfolk impalers
  The ghost of Jeban the Spear-Bearer, a journeyman OpFi of Gozag (Lair:5)
  The ghost of Xazoc the Spear-Bearer, a journeyman OpFi of Gozag (Lair:5)
  The ghost of Xazoc the Spear-Bearer, a journeyman OpFi of Gozag (Lair:5)
  An ice dragon (Lair:6)
  7 hydras
  2 catoblepae (Lair:6)
  16 two-headed ogres
  3 merfolk aquamancers (Shoals:3)
  4 ogre magi
  A death knight (D:10)
  An alligator snapping turtle (Shoals:3)
  6 death yaks
  The ghost of kandel6 the Caller, a novice DsIE of Nemelex Xobeh (D:9)
  9 sea snakes
  2 unseen horrors (D:12)
  2 lindwurms (Lair:6)
  9 harpies
  Pikel (D:6)
  An orc sorcerer (Orc:2)
  An orc knight (Orc:2)
  16 orb spiders
  34 wolf spiders
  4 cyclopes
  A deep elf mage (D:12)
  4 ugly things (D:12)
  A moth of wrath (Spider:3)
  5 fauns (Shoals:3)
  4 manticores
  A merfolk siren (Shoals:3)
  6 elephants
  7 torpor snails
  11 spiny frogs
  A gargoyle (D:7)
  10 black mambas
  4 rime drakes
  A freezing wraith (D:12)
  6 komodo dragons
  13 demonic crawlers
  10 merfolk
  41 jumping spiders
  4 trolls
  3 tyrant leeches (Lair:6)
  12 hornets
  Prince Ribbit (D:6)
  2 wind drakes
  17 blink frogs
  3 snapping turtles (Shoals:3)
  13 hippogriffs
  15 dream sheep (Lair:6)
  72 redbacks
  2 water elementals
  34 tarantellas
  2 wraiths
  A vampire (D:12)
  A wyvern (D:11)
  4 basilisks
  24 yaks
  7 hogs
  A human (D:9)
  2 vampire mosquitoes
  3 hungry ghosts
  2 soldier ants
  4 wargs
  An acid dragon (D:11)
  Duvessa (D:6)
  Menkaure (D:5)
  16 water moccasins
  3 porcupines
  5 ice beasts
  11 orc warriors
  5 sky beasts
  A hornet zombie (D:10)
  A phantom (D:7)
  3 black bears
  27 ogres
  2 eyes of draining (D:5)
  16 crocodiles
  3 necrophages
  6 centaurs
  A wolf (Lair:6)
  A big kobold (D:9)
  Blork the orc (D:6)
  20 bullfrogs
  8 gnoll sergeants (Bailey)
  3 wyvern zombies
  A wyvern skeleton (D:7)
  Dowan (D:6)
  6 scorpions
  11 wights
  5 killer bees
  A howler monkey (D:12)
  An electric eel (Lair:6)
  4 crimson imps
  4 bullfrog zombies
  9 hounds
  2 quasits (D:12)
  5 jellies
  12 orc priests
  3 centaur skeletons
  6 gnoll shamans (Bailey)
  13 orc wizards
  A bullfrog skeleton (D:12)
  6 iguanas
  2 hell rats
  9 worker ants
  A killer bee zombie (D:10)
  3 hound skeletons
  A worker ant zombie (D:10)
  12 adders
  16 gnolls
  3 river rats
  A howler monkey skeleton (D:10)
  4 shadow imps
  A white imp (D:6)
  2 oozes
  An ooze (shapeshifter) (D:10)
  2 adder skeletons
  3 dart slugs
  3 leopard geckos
  42 orcs
  4 bats
  8 giant cockroaches
  6 goblins
  2 hobgoblins
  10 jackals
  6 quokkas
  3 frilled lizards
  5 hobgoblin zombies (D:6)
  A jackal zombie (D:5)
  5 kobolds
  2 kobold zombies (D:6)
  A leopard gecko skeleton (D:6)
  An orc skeleton (D:6)
  8 rats
  2 fungi
  2 plants (Lair:5)
908 creatures vanquished.

Vanquished Creatures (collateral kills)
  4 oklob plants (Lair:5)
  A jumping spider (Spider:1)
  A merfolk (Shoals:3)
  2 tarantellas (Spider:1)
  A fungus (Lair:5)
9 creatures vanquished.

Vanquished Creatures (others)
  A satyr (Shoals:3)
  A human (Spider:2)
  5 centaurs
  An orc (Orc:1)
  A fungus (Lair:5)
  21 plants
30 creatures vanquished.

Grand Total: 947 creatures vanquished

Notes
Turn   | Place    | Note
-------+----------+-------------------------------------------
     0 | D:1      | wmario the Minotaur Berserker began the quest for the Orb.
     0 | D:1      | Reached XP level 1. HP: 19/19 MP: 0/0
   391 | D:1      | Reached XP level 2. HP: 23/27 MP: 1/1
   450 | D:1      | Reached skill level 4 in Axes
  1012 | D:2      | Reached XP level 3. HP: 27/33 MP: 2/2
  1033 | D:2      | Found a shadowy altar of Dithmenos.
  1033 | D:2      | Found a shimmering blue altar of Sif Muna.
  1043 | D:2      | Reached ** piety under Trog
  1192 | D:2      | Found a sparkling altar of Nemelex Xobeh.
  1394 | D:2      | Found a stormy altar of Qazlal.
  1699 | D:3      | Reached XP level 4. HP: 39/40 MP: 3/3
  2283 | D:4      | Reached skill level 5 in Axes
  2420 | D:4      | Found a staircase to the Ecumenical Temple.
  2514 | D:4      | Reached XP level 5. HP: 20/47 MP: 4/4
  2908 | D:4      | Found Acvah's Gadget Shop.
  2927 | D:4      | Found Qalauw's Assorted Antiques.
  3163 | D:4      | Noticed an ogre
  3183 | D:4      | Killed an ogre
  3183 | D:4      | Reached skill level 5 in Fighting
  3183 | D:4      | Reached skill level 6 in Axes
  3183 | D:4      | Reached XP level 6. HP: 28/56 MP: 5/5
  3342 | D:4      | Found a radiant altar of Vehumet.
  3358 | D:4      | Found Firoilod's Distillery.
  3366 | D:4      | Bought a potion of might for 48 gold pieces
  3366 | D:4      | Bought a potion of agility for 48 gold pieces
  3366 | D:4      | Bought a potion of lignification for 36 gold pieces
  3367 | D:4      | Found Lacsunketru's Armour Emporium.
  3467 | D:4      | Found Liniusch's Antique Armour Boutique.
  3571 | D:5      | Entered Level 5 of the Dungeon
  4151 | D:5      | Reached XP level 7. HP: 60/61 MP: 6/6
  4179 | D:5      | Noticed Menkaure
  4186 | D:5      | Killed Menkaure
  4186 | D:5      | Reached skill level 7 in Axes
  4313 | D:5      | Found a bloodstained altar of Trog.
  4326 | D:5      | Reached skill level 5 in Armour
  4425 | D:5      | Reached *** piety under Trog
  4467 | D:5      | Reached skill level 5 in Dodging
  4467 | D:5      | Reached XP level 8. HP: 70/70 MP: 7/7
  4538 | D:5      | Reached skill level 8 in Axes
  4657 | D:6      | Noticed Pikel
  4670 | D:6      | Killed Pikel
  4670 | D:6      | Reached skill level 9 in Axes
  4896 | D:6      | Found a glowing golden altar of the Shining One.
  4964 | D:6      | Noticed Prince Ribbit
  4984 | D:6      | Killed Prince Ribbit
  4984 | D:6      | Reached XP level 9. HP: 59/79 MP: 8/8
  5080 | D:6      | Noticed Dowan
  5087 | D:6      | Noticed Duvessa
  5097 | D:6      | Killed Duvessa
  5098 | D:6      | Killed Dowan
  5408 | D:6      | Reached skill level 10 in Axes
  5538 | D:6      | Noticed Blork the orc
  5542 | D:6      | Killed Blork the orc
  6046 | D:7      | Reached **** piety under Trog
  6046 | D:7      | Reached skill level 1 in Shields
  6430 | D:7      | Reached skill level 5 in Shields
  6608 | D:7      | Reached XP level 10. HP: 86/88 MP: 9/9
  6622 | D:7      | Noticed a gargoyle
  6632 | D:7      | Killed a gargoyle
  7242 | D:8      | Gained mutation: You are frail. (-10% HP) [potion of
                  | mutation]
  7242 | D:8      | Gained mutation: You expend magic power (3 MP) to
                  | strengthen your wands. [potion of mutation]
  7242 | D:8      | Gained mutation: You have a somewhat thin skeletal
                  | structure. (Dex +2, Stealth) [potion of mutation]
  7242 | D:8      | Gained mutation: You are partially covered in yellow
                  | scales. (AC +2) [potion of mutation]
  7315 | D:8      | Got an ancient hand crossbow
  7888 | D:9      | Found a runed translucent gate.
  7888 | D:9      | Found a runed translucent gate.
  7889 | D:9      | Found a runed translucent gate.
  7898 | D:9      | Noticed kandel6's ghost (novice DsIE)
  7927 | D:9      | Killed kandel6's ghost
  7927 | D:9      | Reached skill level 10 in Shields
  8574 | D:9      | Reached ***** piety under Trog
  8829 | D:10     | Entered Level 10 of the Dungeon
  9008 | D:10     | Noticed a two-headed ogre
  9020 | D:10     | Killed a two-headed ogre
  9020 | D:10     | Reached XP level 11. HP: 81/84 MP: 6/10
  9321 | D:10     | Noticed a two-headed ogre
  9338 | D:10     | Killed a two-headed ogre
  9338 | D:10     | Received a gift from Trog
  9354 | D:10     | Noticed a fire dragon
  9369 | D:10     | Killed a fire dragon
  9420 | D:10     | Noticed a death knight
  9440 | D:10     | Killed a death knight
  9614 | D:10     | Reached skill level 15 in Shields
  9984 | D:11     | Reached skill level 11 in Axes
 10013 | D:11     | Noticed a death yak
 10027 | D:11     | Noticed a death yak
 10030 | D:11     | Noticed a death yak
 10042 | D:11     | Killed a death yak
 10049 | D:11     | Found a staircase to the Lair.
 10418 | D:11     | Killed a death yak
 10418 | D:11     | Reached XP level 12. HP: 92/92 MP: 1/11
 10422 | D:11     | Killed a death yak
 11296 | Lair:1   | Entered Level 1 of the Lair of Beasts
 11435 | Lair:1   | Reached skill level 12 in Axes
 12338 | Lair:2   | Found a staircase to the Shoals.
 12382 | Lair:2   | Noticed an eight-headed hydra
 12392 | Lair:2   | Killed a seven-headed hydra
 13030 | Lair:2   | Noticed a five-headed hydra
 13041 | Lair:2   | Killed a one-headed hydra
 13041 | Lair:2   | Reached skill level 13 in Axes
 13506 | Lair:3   | Noticed a four-headed hydra
 13518 | Lair:3   | Killed a one-headed hydra
 13518 | Lair:3   | Reached skill level 10 in Fighting
 13724 | Lair:3   | Noticed a six-headed hydra
 13745 | Lair:3   | Killed a three-headed hydra
 14376 | Lair:3   | Found a hole to the Spider Nest.
 14398 | Spider:1 | Entered Level 1 of the Spider Nest
 14404 | Spider:1 | Reached skill level 10 in Armour
 14404 | Spider:1 | Reached XP level 13. HP: 101/101 MP: 4/12
 14785 | Spider:1 | Reached skill level 14 in Axes
 14844 | Spider:1 | Found a transporter.
 15790 | Spider:1 | Received a gift from Trog
 16028 | Spider:1 | Found a transporter.
 16187 | Spider:1 | Reached skill level 10 in Dodging
 16752 | Spider:2 | Noticed an entropy weaver
 17074 | Spider:1 | Killed an entropy weaver
 17139 | Spider:1 | Reached skill level 15 in Axes
 17502 | Spider:2 | Noticed a spark wasp
 17506 | Spider:2 | Noticed a spark wasp
 17524 | Spider:1 | Killed a spark wasp
 17677 | Spider:1 | Killed a spark wasp
 18324 | Spider:2 | Noticed Kirke
 18512 | Spider:2 | Noticed Arachne
 18516 | Spider:2 | Killed Kirke
 18516 | Spider:2 | Reached XP level 14. HP: 112/112 MP: 3/13
 18578 | Spider:1 | Killed Arachne
 19679 | Spider:2 | Received a gift from Trog
 20212 | Spider:2 | Reached skill level 16 in Axes
 21789 | Spider:3 | Noticed an emperor scorpion
 21819 | Spider:3 | Killed an emperor scorpion
 22182 | Spider:3 | Noticed Aizul
 22211 | Spider:3 | Killed Aizul
 22213 | Spider:3 | HP: 5/114 [poisoned by Aizul (poison arrow)]
 22708 | Spider:3 | Noticed an emperor scorpion
 22736 | Spider:3 | Killed an emperor scorpion
 23012 | Spider:4 | Entered Level 4 of the Spider Nest
 23037 | Spider:3 | Reached skill level 17 in Axes
 23544 | Spider:3 | Killed a ghost moth
 23544 | Spider:3 | Reached XP level 15. HP: 71/120 MP: 0/14
 24064 | Spider:4 | Noticed Agnes
 24064 | Spider:4 | Noticed Donald
 24088 | Spider:3 | Killed Agnes
 24460 | Spider:3 | Killed Donald
 25588 | Spider:4 | Killed a ghost moth
 26140 | Spider:4 | Reached skill level 18 in Axes
 26568 | Spider:4 | Killed a ghost moth
 26768 | Spider:4 | Reached ****** piety under Trog
 26840 | Spider:4 | Killed a ghost moth
 27467 | Spider:4 | Got a gossamer rune of Zot
 27919 | Lair:3   | Identified the +5 hand crossbow "Zibuap" {elec, *Slow rC++}
                  | (You found it on level 8 of the Dungeon)
 28242 | Lair:3   | Found a glowing golden altar of the Shining One.
 28638 | Lair:4   | Received a gift from Trog
 29601 | D:4      | Bought the +6 plate armour of Chill Winds {+Blink Dex+3}
                  | for 879 gold pieces
 29900 | Lair:5   | Found a glowing silver altar of Zin.
 29956 | Lair:5   | Reached skill level 1 in Evocations
 30186 | Lair:5   | Found a runed translucent gate.
 30186 | Lair:5   | Found a runed translucent gate.
 30186 | Lair:5   | Found a runed translucent gate.
 30186 | Lair:5   | Noticed Xazoc's ghost (journeyman OpFi)
 30187 | Lair:5   | Noticed Luam's ghost (journeyman OpFi)
 30187 | Lair:5   | Noticed Jeban's ghost (journeyman OpFi)
 30187 | Lair:5   | Noticed Xazoc's ghost (journeyman OpFi)
 30244 | Lair:5   | Killed Xazoc's ghost
 30247 | Lair:5   | Killed Xazoc's ghost
 30271 | Lair:5   | Killed Jeban's ghost
 30272 | Lair:5   | Killed Luam's ghost
 30572 | Lair:5   | Reached XP level 16. HP: 131/131 MP: 5/17
 30891 | Lair:5   | Got a scorched turquoise ring
 31284 | Lair:5   | Identified the ring of Obliocu {+Fly rElec Str+4 Dex-3
                  | SInv} (You found it on level 5 of the Lair of Beasts)
 31521 | Lair:6   | Entered Level 6 of the Lair of Beasts
 31620 | Lair:5   | Reached skill level 5 in Evocations
 31832 | Lair:6   | Found a staircase to the Slime Pits.
 31832 | Lair:6   | Found a viscous altar of Jiyva.
 32348 | Lair:6   | Received a gift from Trog
 32913 | Lair:6   | Got a warped leather armour
 33339 | Lair:6   | Found a runed translucent door.
 33362 | Lair:6   | Paralysed by a hornet for 2 turns
 33803 | Lair:6   | Reached skill level 15 in Fighting
 34186 | Lair:6   | Identified the +3 leather armour of Love and Death {*Slow
                  | MR+++ Slay-4 Stlth+} (You found it on level 6 of the Lair
                  | of Beasts)
 34605 | D:12     | Found a flagged portal.
 34617 | Bailey   | Entered a bailey
 34663 | Bailey   | Received a gift from Trog
 35263 | D:12     | Found Posk's Weapon Shoppe.
 35264 | D:12     | Found Xeukkeod's Jewellery Emporium.
 35267 | D:12     | Found a flickering gateway to a bazaar.
 35282 | Bazaar   | Entered a bazaar
 35282 | Bazaar   | Found Amescham's Antique Armour Shop.
 35282 | Bazaar   | Found Kiodoi's Antique Weapon Emporium.
 35284 | Bazaar   | Found Ubboemil's Armour Shoppe.
 35297 | Bazaar   | Found Juxoyrph's Assorted Antiques.
 35331 | Bazaar   | Found Guxys's Antique Armour Emporium.
 35392 | Bazaar   | Bought a glowing hand axe for 162 gold pieces
 35537 | D:12     | Found a staircase to the Orcish Mines.
 35596 | D:12     | Found Fiminafi's Changing Room.
 35726 | D:12     | Reached skill level 15 in Armour
 36366 | D:12     | Got an ancient ivory ring
 36368 | D:12     | Identified the ring of the Fool {rCorr Dex+2 SInv} (You
                  | found it on level 12 of the Dungeon)
 36923 | Orc:1    | Entered Level 1 of the Orcish Mines
 36947 | Orc:1    | Received a gift from Trog
 37153 | Orc:2    | Entered Level 2 of the Orcish Mines
 37432 | Orc:2    | Noticed Snorg
 37443 | Orc:2    | Killed Snorg
 37604 | Orc:2    | Reached XP level 17. HP: 81/141 MP: 4/19
 37899 | Orc:2    | Found Ihuottej's Food Boutique.
 37899 | Orc:2    | Found Lestrac's General Store.
 37900 | Orc:2    | Found Nutzamaut's Weapon Shoppe.
 37900 | Orc:2    | Found Gihees's Jewellery Boutique.
 37931 | Orc:2    | Bought the +4 hand axe "Xacetzych" {freeze, rF+} for 630
                  | gold pieces
 37967 | Orc:2    | Found a staircase to the Elven Halls.
 37989 | Orc:2    | Received a gift from Trog
 38264 | Orc:2    | Found a roughly hewn altar of Beogh.
 38354 | Elf:1    | Entered Level 1 of the Elven Halls
 38861 | Shoals:1 | Entered Level 1 of the Shoals
 38861 | Shoals:1 | Found Locw's Jewellery Shop.
 38932 | Shoals:1 | Found Kufujef's Book Emporium.
 38951 | Shoals:1 | Noticed Nikola
 38983 | Shoals:1 | Killed Nikola
 39165 | Shoals:1 | Found Riggauw's Jewellery Shoppe.
 39187 | Shoals:1 | Bought the amulet "Urekh" {Reflect rPois Int+4 SH+4} for
                  | 652 gold pieces
 39547 | Shoals:1 | Found Tiulahov's Antique Weapon Shoppe.
 39563 | Shoals:1 | Found Ocziugg's Magic Scroll Emporium.
 39571 | Shoals:1 | Bought 2 scrolls of remove curse for 96 gold pieces
 39571 | Shoals:1 | Bought a scroll of enchant armour for 120 gold pieces
 39571 | Shoals:1 | Bought a scroll of enchant armour for 120 gold pieces
 39571 | Shoals:1 | Bought a scroll of enchant weapon for 120 gold pieces
 39571 | Shoals:1 | Bought a scroll of identify for 32 gold pieces
 39891 | Shoals:2 | Reached skill level 15 in Dodging
 39980 | Shoals:3 | Found Lugh's Luxury Loot.
 41260 | Shoals:3 | Found a runed translucent gate.
 41277 | Shoals:3 | Found a runed translucent gate.
 41277 | Shoals:3 | Found a runed translucent gate.
 41278 | Shoals:3 | Noticed thethe's ghost (adept DDWz)
 41362 | Shoals:3 | HP: 2/216 [thethe's ghost/iron shot (25)]
 41363 | Shoals:3 | Killed from afar by thethe's ghost

Levels and vault maps discovered:
D:1:      minmay_arrival_diagonal_passages, layout_basic
D:2:      layout_basic, nemelex_xobeh_ov_fountains_minmay,
          chequers_temple_overflow_statue_of_worship, first_ration,
          grunt_qazlal_clouds
D:3:      layout_basic, minmay_misc_feat_nine_boxes
D:4:      minmay_evil_eye, layout_basic, vehumet_crystals, temple_doors_e,
          serial_shops, shop_statue, shop, shop, nicolae_shop_trees,
          kennysheep_mini
D:5:      layout_basic, trog_eyes_of_draining, uniq_menkaure
D:6:      layout_loops_ring, nicolae_tso_besieged_by_evil, uniq_duvessa,
          uniq_pikel, uniq_blork_the_orc, uniq_prince_ribbit1
D:7:      kennysheep_windowed_halls, layout_loops_ring
D:8:      layout_loops_corners
D:9:      layout_gridville, ebering_ghost_rock_garden, grunt_livestock
D:10:     layout_loops_ring, minmay_the_grid_2x2 [minmay_the_grid_spikes,
          minmay_the_grid_all_tris, minmay_the_grid_small_cups,
          minmay_the_grid_prize_four_corners]
D:11:     layout_roguey, dpeg_lair_monsters
D:12:     minmay_spiral_squares, layout_loops_ring, serial_shops,
          bzr_entry_islet, nicolae_shop_crystal, enter_bailey_2,
          minmay_shop_enchanted_jewellery, nicolae_transmutations_shop
Lair:1:   layout_cave_pods, st_stairs_10, hibernation_bobbens
Lair:2:   layout_regular_city, elwin_shoals_entry_rocks
Lair:3:   layout_cave_pods, spider_nest_entry_a, lemuel_centaur_altar
Lair:4:   layout_gridlike
Lair:5:   layout_small_grid, basic_altar, gammafunk_ghost_cemetery,
          minmay_lair_oklob_chamber
Lair:6:   wormcave, layout_gridlike, hangedman_lair_in_review, slime_altar_1,
          lemuel_fruit_tree, serial_bayou_shore_a
Shoals:1: layout_shoals, serial_shops, shop, shop,
          nicolae_shop_temple_entry_statues_fountains, shop_fountains, shop,
          uniq_nikola
Shoals:2: layout_shoals, ebering_ghost_reflecting_pool
Shoals:3: layout_shoals, gammafunk_ghost_tricky_traps, nicolae_alphabet_shops
Spider:1: gammafunk_its_a_trap, hangedman_spider_tarantella_strand
Spider:2: cheibrodos_forgotten_conduit, uniq_arachne, uniq_kirke
Spider:3: layout_spider_delve, uniq_aizul
Spider:4: grunt_spider_rune_parallel, uniq_agnes, uniq_donald
Orc:1:    layout_caves, portal_ice_cave_rime, nicolae_volcano_entry_lava_flow
Orc:2:    st_orc_ogre_mass, layout_caves, basic_altar, uniq_snorg
Elf:1:    minmay_elf_arrival_summoners, layout_onion_city, minmay_elf_sorcery

Skill      XL: |  1  2  3  4  5  6  7  8  9 10 11 12 13 14 15 16 17 |
---------------+----------------------------------------------------+-----
Axes           | 4 5 6 7 9 10 11 13 15 17 18 | 18.0
Fighting       | 4 5 6 7 8 10 11 12 14 15 16 | 16.7
Armour         | 3 4 5 6 7 8 10 11 12 13 15 16 | 16.5
Dodging        | 3 4 5 6 7 9 10 11 13 14 15 | 15.4
Shields        | 7 12 15 | 15.0
Evocations     | 3 5 |  5.1

Action                   |  1- 3 |  4- 6 |  7- 9 | 10-12 | 13-15 | 16-18 || total
-------------------------+-------+-------+-------+-------+-------+-------++-------
Melee: Hand axe          |   108 |    51 |       |       |    62 |   906 ||  1127
       Headbutt          |    10 |    16 |    36 |   120 |   230 |   386 ||   798
       War axe           |       |    75 |   216 |   277 |       |   178 ||   746
       Dagger            |       |       |       |     4 |       |       ||     4
       Broad axe         |       |       |       |   301 |   856 |       ||  1157
       Great sword       |       |       |       |    22 |     3 |    15 ||    40
       Trident           |       |       |       |       |       |    31 ||    31
 Fire: Hunting sling     |       |       |       |    12 |     1 |       ||    13
Throw: Stone             |       |     4 |     4 |       |       |       ||     8
       Dart              |       |       |       |    10 |   244 |       ||   254
       Boomerang         |       |       |       |       |       |    12 ||    12
Invok: Berserk           |       |     1 |     3 |     8 |    25 |     7 ||    44
       Trog's Hand       |       |       |     2 |     6 |     4 |     1 ||    13
       Brothers in Arms  |       |       |       |       |       |     1 ||     1
Evoke: Wand              |       |       |       |       |       |     3 ||     3
       Lightning rod     |       |       |       |       |       |     1 ||     1
  Use: Scroll            |     3 |     4 |     7 |    15 |     7 |     8 ||    44
       Potion            |       |     7 |     1 |     4 |    20 |     2 ||    34
 Stab: Sleeping          |     1 |       |       |     1 |       |       ||     2
       Invisible         |       |       |     2 |       |       |       ||     2
       Held in net/web   |       |       |       |       |       |     1 ||     1
       Petrified         |       |       |       |       |       |     1 ||     1
       Distracted        |       |       |       |       |       |     1 ||     1
  Eat: Chunk             |    17 |     9 |    11 |    16 |    18 |    27 ||    98
       Ration            |       |       |       |     4 |    17 |     4 ||    25
Armor: Robe              |     4 |       |       |       |       |       ||     4
       Animal skin       |     2 |       |       |       |       |       ||     2
       Ring mail         |    20 |       |       |       |       |       ||    20
       Chain mail        |       |    72 |   104 |    36 |       |       ||   212
       Troll leather arm |       |       |       |    21 |       |       ||    21
       Plate armour      |       |       |       |   109 |   483 |   243 ||   835
Dodge: Dodged            |    59 |    61 |    83 |   166 |   429 |   326 ||  1124
Block: Shield            |       |       |    30 |   401 |  1038 |   637 ||  2106
       Reflection        |       |       |       |     5 |    22 |    22 ||    49
       Other             |       |       |       |    11 |     3 |    28 ||    42
       Rpst.: Great sword |       |       |       |    10 |     1 |    10 ||    21
